 Dungeon Crawl Stone Soup version 0.29.0-4-gdea44cf6ec (webtiles) character file.

Game seed: 12616460534564671285

20129 qw the Brawler (level 12, -1/130 HPs)
             Began as a Troll Cinder Acolyte on Sept 2, 2022.
             Was a Follower of Ignis.
             Killed from afar by an electric eel (10 damage)
             ... with a bolt of electricity
             ... on level 11 of the Dungeon.
             The game lasted 00:06:45 (9972 turns).

qw the Brawler (Troll Cinder Acolyte)               Turns: 9972, Time: 00:06:46

Health: -1/130     AC: 19    Str: 42    XL:     12   Next: 42%
Magic:  12/12      EV:  9    Int:  9    God:    Ignis [*.....]
Gold:   660        SH:  5    Dex:  4    Spells: 13/13 levels left

rFire   + . .      SeeInvis .     - Unarmed
rCold   . . .      Faith    .   (no shield)
rNeg    + + .      Spirit   .   n - +2 acid dragon scales
rPois   +          Reflect  +   (helmet restricted)
rElec   .          Harm     .   d - +0 cloak of the Distant Future {-Cast rN++ Str+3 Slay+3}
rCorr   +          Rampage  .   (gloves unavailable)
Will    .....      NoCast   +   (boots unavailable)
Stlth   ..........              r - amulet of reflection
HPRegen 1.11/turn               i - ring of poison resistance
MPRegen 0.13/turn               a - +6 ring of strength

@: fiery-armoured
A: large, unfitting armour, claws 3, regeneration 1, shaggy fur 1, tough skin 1,
horns 1, robust 1, strong 1
a: Renounce Religion, Fiery Armour, Foxfire Swarm, Rising Flame


You were on level 11 of the Dungeon.
You worshipped Ignis.
Ignis was aware of your devotion.
You visited 1 branch of the dungeon, and saw 11 of its levels.
You visited the Abyss 1 time.
You also visited: Ossuary.

You collected 660 gold pieces.


Innate Abilities, Weirdness & Mutations

You are too large for most types of armour.
You have claws for hands.
Your natural rate of healing is unusually fast.
You are covered in fur. (AC +1)
You have tough skin. (AC +1)
You have a pair of small horns on your head.
You are robust. (+10% HP)
Your muscles are strong. (Str +4, Int/Dex -1)


   Skills:
 - Level 8.0 Fighting
 - Level 3.4 Armour
 - Level 1.2 Dodging
 + Level 18.0 Unarmed Combat
 - Level 1.0 Spellcasting
 - Level 2.1 Fire Magic


You had 13 spell levels left.
You didn't know any spells.
Your spell library contained the following spells:

 Spells                   Type           Power      Damage    Failure   Level
 Scorch                   Fire           8%         2d5       26%         2

Inventory:

Armour
 c - a scarf of resistance
 d - the +0 cloak of the Distant Future (worn) {-Cast rN++ Str+3 Slay+3}
   (You found it on level 6 of the Dungeon)

   Str:       It affects your strength (+3).
   Slay:      It affects your accuracy & damage with ranged weapons and melee
   (+3).
   rN:        It greatly protects you from negative energy.
   -Cast:     It prevents spellcasting.
 n - +2 acid dragon scales (worn)
Jewellery
 a - a +6 ring of strength (right claw)
 i - a ring of poison resistance (left claw)
 l - a ring of resist corrosion
 r - an amulet of reflection (around neck)
 Y - a ring of protection from cold
Scrolls
 g - 8 scrolls of identify
 k - a scroll of brand weapon
Potions
 b - 2 potions of curing
 h - 3 potions of haste
 j - a potion of mutation
 o - 2 potions of might

Dungeon Overview and Level Annotations

Branches:
Dungeon (11/15)            Temple (0/1) D:7            Lair (0/5) D:11
    Orc (0/2) D:10        Ossuary (visited)

Altars:
Ashenzari
Elyvilon
Fedhas
Gozag
Hepliaklqana
Kikubaaqudgha
Nemelex Xobeh
Okawaru
Sif Muna
Trog
Uskayaw
Vehumet
Wu Jian
Yredelemnul
Zin
The Shining One

Portals:
Trove: D:10 (give 4 scrolls of fear)

Annotations:
D:3 1 runed translucent door, Ufapt's ghost, amateur TrFi
D:7 3 runed translucent doors, qw's ghost, novice TrCA
D:11 1 runed translucent door


Message History

The electric eel shoots out a bolt of lightning at you!
The bolt of electricity hits you!
The electric eel shoots out a bolt of lightning at you!
The bolt of electricity hits you!
The electric eel shoots out a bolt of lightning at you!
The bolt of electricity hits you!
9962 ||| INVOKING Fiery Armour.
A protective cloak of flame settles atop you.
The electric eel shoots out a bolt of lightning at you!
The bolt of electricity hits you!
The electric eel shoots out a bolt of lightning at you!
The bolt of electricity hits you.
You enter the shallow water.
Moving in this stuff is going to be slow.
The electric eel shoots out a bolt of lightning at you!
The bolt of electricity hits you but does no damage.
You scratch the electric eel. Your headbutt misses the electric eel.
The electric eel is moderately wounded.
You closely miss the electric eel.
The electric eel is moderately wounded.
The electric eel shoots out a bolt of lightning at you!
The bolt of electricity hits you!
The electric eel shoots out a bolt of lightning at you!
The bolt of electricity hits you!
You eviscerate the electric eel!!!
You kill the electric eel!
The electric eel shoots out a bolt of lightning at you!
The bolt of electricity hits you.
9967 ||| FLEEEEING.
The electric eel shoots out a bolt of lightning at you!
The bolt of electricity misses you.
9968 ||| FLEEEEING.
9969 ||| FLEEEEING.
The electric eel shoots out a bolt of lightning at you!
The bolt of electricity hits you!
The electric eel shoots out a bolt of lightning at you!
The bolt of electricity hits you!
The electric eel shoots out a bolt of lightning at you!
The bolt of electricity hits you!
You die...

~~~~~~~~S~....#
...~~~~~~~~~..~~S~~~....
.......~~~~...~..~~~....#
###....~~~~S~~....~~~.~~..#
...............>..~~~~...#
.....~~~~~~~.....~~~~.~..#
#...~~~~~~~~~~.~.
#....~~~~~~~~~~~~~~~~~
#....~~~@~~~~~~~~~~~~..
#...~%~..~%~~~~~~~~..~..
#.....~.~..~~~~~~~.~..~.
#...........~~~~~S......
#...########..........###
#.### #............ #.#
#............ #.#
##........... #.#
#...........


You could see an electric eel.

Vanquished Creatures
  A fire dragon (D:10)
  A rakshasa (D:9)
  A catoblepas (D:9)
  Erolcha (D:10)
  A boulder beetle (Abyss:1)
  A centaur warrior (D:10)
  2 two-headed ogres
  3 thrashing horrors (Abyss:1)
  A skeletal warrior (D:10)
  2 large abominations (Abyss:1)
  2 starcursed masses (Abyss:1)
  Pikel (D:7)
  2 manticores
  A gargoyle (D:10)
  4 unseen horror zombies (D:9)
  3 tyrant leeches (Abyss:1)
  A hornet (D:5)
  A wraith (D:10)
  A basilisk (D:10)
  2 wyverns
  8 yaks
  5 acid dragons
  2 water moccasins
  An ice beast (D:6)
  A sky beast (D:6)
  A black bear (D:5)
  2 orc warriors (D:10)
  3 ogres
  4 wolves (D:11)
  3 centaurs
  4 lemures (D:7)
  A kobold brigand (D:9)
  A bullfrog (D:9)
  12 scorpions
  2 necrophages
  15 wights
  17 killer bees
  5 electric eels (D:11)
  A howler monkey (D:10)
  A human zombie (Ossuary)
  3 jellies
  9 centaur zombies
  7 orc priests
  5 hounds
  A gnoll bouda (D:9)
  Terence (D:3)
  Jessica (D:3)
  3 iguanas
  Ijyb (D:3)
  Natasha (thrice) (D:3)
  9 orc wizards
  6 scorpion zombies (Ossuary)
  3 mummies (Ossuary)
  3 howler monkey zombies (D:9)
  Robin (D:3)
  3 gnolls
  5 adders
  2 shadow imps
  A white imp (Abyss:1)
  A worm (D:2)
  A dart slug (D:3)
  29 orcs
  6 ball pythons
  7 endoplasms
  3 giant cockroaches
  13 goblins
  8 hobgoblins
  2 jackals (D:5)
  2 quokkas (D:1)
  3 bats
  3 frilled lizards
  3 gnoll zombies (Ossuary)
  4 hobgoblin zombies (Ossuary)
  18 kobolds
  An orc zombie (Ossuary)
  5 rats
297 creatures vanquished.

Vanquished Creatures (others)
  A human (D:10)
  2 withered plants (D:3)
3 creatures vanquished.

Grand Total: 300 creatures vanquished

Notes
Turn   | Place    | Note
-------+----------+-------------------------------------------
     0 | D:1      | qw the Troll Cinder Acolyte began the quest for the Orb.
     0 | D:1      | Reached XP level 1. HP: 22/22 MP: 1/1
     0 | D:1      | 0 ||| qw: Version: 0.1-a-97-g2dd2ca4
     0 | D:1      | 0 ||| qw: Game counter: 4966
     0 | D:1      | 0 ||| qw: Always use a shield: true
     0 | D:1      | 0 ||| qw: God list: Okawaru
     0 | D:1      | 0 ||| qw: Allow faded altars: false
     0 | D:1      | 0 ||| qw: Do Orc after D:15 true
     0 | D:1      | 0 ||| qw: Do second Lair branch before Depths: true
     0 | D:1      | 0 ||| qw: Lair rune preference: random
     0 | D:1      | 0 ||| qw: Plans: Normal
     0 | D:1      | 0 ||| PLANNING D:1-11
   134 | D:1      | 134 ||| Stepping ~*~*~tactically~*~*~ (stealth).
   210 | D:1      | 210 ||| Stepping ~*~*~tactically~*~*~ (stealth).
   211 | D:1      | 211 ||| Stepping ~*~*~tactically~*~*~ (stealth).
   216 | D:1      | 216 ||| Stepping ~*~*~tactically~*~*~ (stealth).
   223 | D:1      | Reached XP level 2. HP: 29/29 MP: 2/2
   288 | D:1      | 288 ||| Stepping ~*~*~tactically~*~*~ (stealth).
   312 | D:1      | Found a faded altar of an unknown god.
   393 | D:1      | Reached skill level 4 in Unarmed Combat
   403 | D:1      | 403 ||| Stepping ~*~*~tactically~*~*~ (stealth).
   453 | D:1      | 453 ||| Stepping ~*~*~tactically~*~*~ (stealth).
   454 | D:1      | 454 ||| Stepping ~*~*~tactically~*~*~ (stealth).
   458 | D:1      | 458 ||| Stepping ~*~*~tactically~*~*~ (stealth).
   464 | D:1      | 464 ||| Stepping ~*~*~tactically~*~*~ (stealth).
   626 | D:1      | 626 ||| UPGRADING to ring of resist corrosion.
   627 | D:1      | 627 ||| READING scroll labelled BUHICI WOCASET.
   628 | D:1      | 628 ||| READING scroll labelled ORULUT RUFE.
   629 | D:1      | 629 ||| READING 3 scrolls labelled ZEWKAR ISCHEWK.
   630 | D:1      | 630 ||| READING scroll labelled COEH FIJIKLIDE.
   631 | D:1      | 631 ||| READING 2 scrolls of identify.
   631 | D:1      | 631 ||| IDENTIFYING glowing amethyst potion
   632 | D:1      | 632 ||| DROPPING potion of degeneration.
   676 | D:2      | 676 ||| Stepping ~*~*~tactically~*~*~ (stealth).
   684 | D:2      | 684 ||| Stepping ~*~*~tactically~*~*~ (outnumbered).
   799 | D:2      | Reached XP level 3. HP: 36/36 MP: 3/3
  1085 | D:2      | 1085 ||| UPGRADING to +0 cloak.
  1090 | D:2      | 1090 ||| READING scroll labelled QIUGAE KIMU.
  1091 | D:2      | 1091 ||| READING scroll labelled FOXIABR ZECO.
  1092 | D:2      | 1092 ||| READING scroll labelled MOIFUZO PIESET.
  1093 | D:2      | 1093 ||| READING scroll labelled SUFIMA NOJARO.
  1094 | D:2      | 1094 ||| READING 4 scrolls of identify.
  1094 | D:2      | 1094 ||| IDENTIFYING fuming black potion
  1095 | D:2      | 1095 ||| READING 3 scrolls of identify.
  1095 | D:2      | 1095 ||| IDENTIFYING pink potion
  1096 | D:2      | 1096 ||| Stepping randomly (stuck).
  1097 | D:2      | 1097 ||| Stepping ~*~*~tactically~*~*~ (cloud).
  1149 | D:3      | 1149 ||| STAIRDANCE
  1149 | D:3      | Noticed Ijyb
  1169 | D:3      | 1169 ||| STAIRDANCE
  1175 | D:3      | 1175 ||| STAIRDANCE
  1193 | D:3      | Killed Ijyb
  1194 | D:3      | Reached skill level 5 in Unarmed Combat
  1194 | D:3      | Reached XP level 4. HP: 30/44 MP: 4/4
  1244 | D:3      | Identified the +7 leather armour of Tender Moments {+Blink
                  | rF+ Int-4 Dex+5}
  1280 | D:3      | Found a runed translucent door.
  1280 | D:3      | Noticed Ufapt's ghost (amateur TrFi)
  1293 | D:3      | Noticed Natasha
  1294 | D:3      | 1294 ||| Stepping ~*~*~tactically~*~*~ (hiding).
  1295 | D:3      | 1295 ||| Stepping ~*~*~tactically~*~*~ (hiding).
  1300 | D:3      | Killed Natasha
  1436 | D:3      | Identified the +0 pair of boots of the Pleiades {Dex+3}
  1573 | D:3      | Noticed Terence
  1585 | D:3      | Killed Terence
  1586 | D:3      | Reached XP level 5. HP: 46/50 MP: 5/5
  1645 | D:3      | Noticed Jessica
  1649 | D:3      | 1649 ||| Stepping ~*~*~tactically~*~*~ (hiding).
  1656 | D:3      | Killed Jessica
  1657 | D:3      | Reached skill level 6 in Unarmed Combat
  1894 | D:3      | Noticed Robin
  1895 | D:3      | 1895 ||| Stepping ~*~*~tactically~*~*~ (hiding).
  1903 | D:3      | 1903 ||| INVOKING Fiery Armour.
  1907 | D:3      | 1907 ||| Stepping ~*~*~tactically~*~*~ (outnumbered).
  1909 | D:3      | Killed Robin
  2177 | D:3      | Noticed Natasha
  2183 | D:3      | Killed Natasha
  2216 | D:3      | Noticed Natasha
  2219 | D:3      | Killed Natasha
  2220 | D:3      | Reached XP level 6. HP: 59/59 MP: 6/6
  2365 | D:3      | 2365 ||| READING 4 scrolls of identify.
  2365 | D:3      | 2365 ||| IDENTIFYING green potion
  2387 | D:4      | 2387 ||| PLANNING OSSUARY
  2397 | D:4      | 2397 ||| Stepping ~*~*~tactically~*~*~ (outnumbered).
  2401 | D:4      | Reached skill level 7 in Unarmed Combat
  2474 | D:4      | 2474 ||| Stepping ~*~*~tactically~*~*~ (hiding).
  2651 | D:4      | Found a sand-covered staircase.
  2652 | D:4      | 2652 ||| UPGRADING to scarf of resistance.
  2672 | Ossuary  | Entered an ossuary
  2696 | Ossuary  | Reached skill level 8 in Unarmed Combat
  2696 | Ossuary  | 2696 ||| Stepping ~*~*~tactically~*~*~ (outnumbered).
  2702 | Ossuary  | Reached XP level 7. HP: 62/66 MP: 7/7
  2712 | Ossuary  | Reached skill level 3 in Fighting
  2736 | Ossuary  | 2736 ||| Stepping ~*~*~tactically~*~*~ (outnumbered).
  2818 | Ossuary  | Reached skill level 9 in Unarmed Combat
  2836 | Ossuary  | 2836 ||| Stepping ~*~*~tactically~*~*~ (outnumbered).
  2841 | Ossuary  | Reached skill level 1 in Dodging
  2883 | Ossuary  | Reached XP level 8. HP: 53/75 MP: 8/8
  2887 | Ossuary  | 2887 ||| Stepping ~*~*~tactically~*~*~ (stealth).
  2889 | Ossuary  | 2889 ||| Stepping ~*~*~tactically~*~*~ (stealth).
  3051 | Ossuary  | Reached skill level 10 in Unarmed Combat
  3071 | Ossuary  | 3071 ||| READING scroll labelled LADAV OMEURYRGH.
  3145 | Ossuary  | 3145 ||| UPGRADING to ring of protection from cold.
  3146 | Ossuary  | 3146 ||| READING scroll labelled VOROAWI YPOMU.
  3147 | Ossuary  | 3147 ||| DRINKING 2 fuming amethyst potions.
  3252 | Ossuary  | 3252 ||| DRINKING 2 fuming clear potions.
  3253 | Ossuary  | 3253 ||| READING 4 scrolls of identify.
  3253 | Ossuary  | 3253 ||| IDENTIFYING viscous puce potion
  3254 | Ossuary  | 3254 ||| READING 3 scrolls of identify.
  3254 | Ossuary  | 3254 ||| IDENTIFYING white potion
  3255 | Ossuary  | 3255 ||| READING 2 scrolls of identify.
  3255 | Ossuary  | 3255 ||| IDENTIFYING fizzy dark potion
  3256 | Ossuary  | 3256 ||| DROPPING potion of attraction.
  3257 | Ossuary  | 3257 ||| DROPPING potion of berserk rage.
  3258 | Ossuary  | 3258 ||| DROPPING potion of brilliance.
  3259 | Ossuary  | 3259 ||| DROPPING potion of flight.
  3313 | D:4      | 3313 ||| PLANNING D:1-11
  3355 | D:4      | 3355 ||| Stepping ~*~*~tactically~*~*~ (outnumbered).
  3356 | D:4      | 3356 ||| Stepping ~*~*~tactically~*~*~ (outnumbered).
  3365 | D:4      | 3365 ||| DRINKING 3 potions of curing.
  3365 | D:4      | 3365 ||| (to cure confusion)
  3376 | D:4      | 3376 ||| DRINKING 2 potions of curing.
  3376 | D:4      | 3376 ||| (to cure confusion)
  3609 | D:4      | Found an opulent altar of Gozag.
  3618 | D:4      | Found a bloodstained altar of Trog.
  3724 | D:5      | Entered Level 5 of the Dungeon
  3854 | D:5      | Noticed a hornet
  3860 | D:5      | 3860 ||| INVOKING Fiery Armour.
  3861 | D:5      | Killed a hornet
  4016 | D:5      | 4016 ||| Stepping ~*~*~tactically~*~*~ (hiding).
  4018 | D:5      | 4018 ||| DRINKING 2 potions of curing.
  4018 | D:5      | 4018 ||| (to cure confusion)
  4026 | D:5      | Reached skill level 11 in Unarmed Combat
  4093 | D:5      | Reached XP level 9. HP: 84/84 MP: 9/9
  4401 | D:5      | 4401 ||| Stepping ~*~*~tactically~*~*~ (stealth).
  4554 | D:5      | 4554 ||| READING scroll labelled MIONI ONUE.
  4555 | D:5      | 4555 ||| DRINKING 2 bubbling golden potions.
  4555 | D:5      | Gained mutation: You are agile. (Dex +4, Str/Int -1)
                  | [potion of mutation]
  4555 | D:5      | Gained mutation: You are frail. (-10% HP) [potion of
                  | mutation]
  4555 | D:5      | Gained mutation: Your body sometimes deteriorates upon
                  | taking damage. [potion of mutation]
  4555 | D:5      | Gained mutation: You have a pair of small horns on your
                  | head. [potion of mutation]
  4556 | D:5      | 4556 ||| DRINKING potion of mutation.
  4556 | D:5      | Lost mutation: You are frail. (-10% HP) [potion of
                  | mutation]
  4556 | D:5      | Lost mutation: You are agile. (Dex +4, Str/Int -1) [potion
                  | of mutation]
  4556 | D:5      | Lost mutation: Your body sometimes deteriorates upon taking
                  | damage. [potion of mutation]
  4556 | D:5      | Gained mutation: Your muscles are strong. (Str +4, Int/Dex
                  | -1) [potion of mutation]
  4556 | D:5      | Gained mutation: You are robust. (+10% HP) [potion of
                  | mutation]
  4572 | D:5      | 4572 ||| DRINKING 2 red potions.
  4620 | D:5      | 4620 ||| READING 4 scrolls of identify.
  4620 | D:5      | 4620 ||| IDENTIFYING glowing ruby potion
  4621 | D:5      | 4621 ||| DROPPING potion of invisibility.
  4622 | D:5      | 4622 ||| DROPPING potion of lignification.
  4667 | D:6      | 4667 ||| Stepping ~*~*~tactically~*~*~ (hiding).
  4678 | D:6      | 4678 ||| Stepping ~*~*~tactically~*~*~ (outnumbered).
  4679 | D:6      | 4679 ||| Stepping ~*~*~tactically~*~*~ (outnumbered).
  4680 | D:6      | 4680 ||| Stepping ~*~*~tactically~*~*~ (outnumbered).
  4681 | D:6      | 4681 ||| Stepping ~*~*~tactically~*~*~ (outnumbered).
  4682 | D:6      | 4682 ||| Stepping ~*~*~tactically~*~*~ (outnumbered).
  4683 | D:6      | 4683 ||| Stepping ~*~*~tactically~*~*~ (outnumbered).
  4687 | D:6      | 4687 ||| Stepping ~*~*~tactically~*~*~ (outnumbered).
  4730 | D:6      | Identified the +0 cloak of the Distant Future {-Cast rN++
                  | Str+3 Slay+3}
  4766 | D:6      | Found a blossoming altar of Fedhas.
  4769 | D:6      | Found a sparkling altar of Nemelex Xobeh.
  4836 | D:6      | Found a radiant altar of Vehumet.
  4839 | D:6      | 4839 ||| Stepping ~*~*~tactically~*~*~ (hiding).
  4842 | D:6      | 4842 ||| Stepping ~*~*~tactically~*~*~ (outnumbered).
  4846 | D:6      | Reached skill level 12 in Unarmed Combat
  4868 | D:6      | 4868 ||| Stepping ~*~*~tactically~*~*~ (stealth).
  4870 | D:6      | 4870 ||| Stepping ~*~*~tactically~*~*~ (stealth).
  4884 | D:6      | 4884 ||| Stepping ~*~*~tactically~*~*~ (hiding).
  4896 | D:6      | 4896 ||| Stepping ~*~*~tactically~*~*~ (stealth).
  4898 | D:6      | 4898 ||| Stepping ~*~*~tactically~*~*~ (hiding).
  4973 | D:6      | 4973 ||| Stepping ~*~*~tactically~*~*~ (hiding).
  4984 | D:6      | 4984 ||| DRINKING 3 potions of curing.
  4984 | D:6      | 4984 ||| (to cure confusion)
  5038 | D:6      | Noticed a two-headed ogre
  5046 | D:6      | Killed a two-headed ogre
  5047 | D:6      | 5047 ||| FLEEEEING.
  5048 | D:6      | 5048 ||| FLEEEEING.
  5054 | D:6      | 5054 ||| FLEEEEING.
  5055 | D:6      | 5055 ||| FLEEEEING.
  5056 | D:6      | 5056 ||| FLEEEEING.
  5057 | D:6      | 5057 ||| FLEEEEING.
  5058 | D:6      | 5058 ||| FLEEEEING.
  5072 | D:6      | Reached skill level 13 in Unarmed Combat
  5236 | D:6      | 5236 ||| UPGRADING to +0 cloak of the Distant Future {-Cast
                  | rN++ Str+3 Slay+3}.
  5246 | D:6      | 5246 ||| DROPPING +0 cloak.
  5247 | D:6      | 5247 ||| READING scroll labelled NOLUXK KUST.
  5311 | D:7      | Noticed Pikel
  5316 | D:7      | 5316 ||| Stepping ~*~*~tactically~*~*~ (outnumbered).
  5317 | D:7      | 5317 ||| Stepping ~*~*~tactically~*~*~ (outnumbered).
  5318 | D:7      | 5318 ||| Stepping ~*~*~tactically~*~*~ (outnumbered).
  5319 | D:7      | 5319 ||| Stepping ~*~*~tactically~*~*~ (outnumbered).
  5322 | D:7      | 5322 ||| Stepping ~*~*~tactically~*~*~ (outnumbered).
  5325 | D:7      | 5325 ||| Stepping ~*~*~tactically~*~*~ (outnumbered).
  5325 | D:7      | Found a runed translucent gate.
  5325 | D:7      | Found a runed translucent gate.
  5325 | D:7      | Found a runed translucent gate.
  5337 | D:7      | Killed Pikel
  5338 | D:7      | Reached XP level 10. HP: 81/105 MP: 10/10
  5472 | D:7      | Found an ornate altar of the Wu Jian Council.
  5526 | D:7      | Found a hide-covered altar of Uskayaw.
  5612 | D:7      | Found a staircase to the Ecumenical Temple.
  5672 | D:7      | Noticed qw's ghost (novice TrCA)
  5675 | D:7      | 5675 ||| READING scroll labelled LEUGAF NAYKKO.
  5704 | D:8      | 5704 ||| Stepping ~*~*~tactically~*~*~ (stealth).
  5995 | D:8      | Found an iron altar of Okawaru.
  6174 | D:8      | 6174 ||| FLEEEEING.
  6179 | D:8      | 6179 ||| FLEEEEING.
  6180 | D:8      | 6180 ||| FLEEEEING.
  6181 | D:8      | 6181 ||| FLEEEEING.
  6182 | D:8      | 6182 ||| FLEEEEING.
  6188 | D:8      | 6188 ||| FLEEEEING.
  6197 | D:8      | 6197 ||| FLEEEEING.
  6198 | D:8      | 6198 ||| FLEEEEING.
  6231 | D:8      | 6231 ||| Stepping ~*~*~tactically~*~*~ (stealth).
  6233 | D:8      | 6233 ||| Stepping ~*~*~tactically~*~*~ (stealth).
  6281 | D:8      | 6281 ||| Stepping ~*~*~tactically~*~*~ (stealth).
  6447 | D:8      | Found a faded altar of an unknown god.
  6447 | D:8      | Found a faded altar of an unknown god.
  6447 | D:8      | Found a faded altar of an unknown god.
  6450 | D:8      | Found a hazy altar of Hepliaklqana.
  6479 | D:8      | 6479 ||| Stepping ~*~*~tactically~*~*~ (stealth).
  6584 | D:8      | 6584 ||| INVOKING Fiery Armour.
  6589 | D:8      | 6589 ||| Stepping ~*~*~tactically~*~*~ (outnumbered).
  6689 | D:8      | 6689 ||| Stepping ~*~*~tactically~*~*~ (hiding).
  6690 | D:8      | 6690 ||| Stepping ~*~*~tactically~*~*~ (hiding).
  6821 | D:9      | 6821 ||| Stepping ~*~*~tactically~*~*~ (stealth).
  6823 | D:9      | 6823 ||| Stepping ~*~*~tactically~*~*~ (stealth).
  6824 | D:9      | 6824 ||| Stepping ~*~*~tactically~*~*~ (stealth).
  6826 | D:9      | Reached skill level 14 in Unarmed Combat
  6839 | D:9      | 6839 ||| Stepping ~*~*~tactically~*~*~ (stealth).
  6859 | D:9      | 6859 ||| Stepping ~*~*~tactically~*~*~ (outnumbered).
  6860 | D:9      | 6860 ||| Stepping ~*~*~tactically~*~*~ (outnumbered).
  6861 | D:9      | 6861 ||| Stepping ~*~*~tactically~*~*~ (outnumbered).
  6874 | D:9      | 6874 ||| Stepping ~*~*~tactically~*~*~ (outnumbered).
  6877 | D:9      | 6877 ||| Stepping ~*~*~tactically~*~*~ (outnumbered).
  6887 | D:9      | 6887 ||| INVOKING Fiery Armour.
  7011 | D:9      | Reached skill level 6 in Fighting
  7021 | D:9      | Found a basalt altar of Yredelemnul.
  7028 | D:9      | 7028 ||| Stepping ~*~*~tactically~*~*~ (stealth).
  7059 | D:9      | 7059 ||| Stepping ~*~*~tactically~*~*~ (stealth).
  7223 | D:9      | 7223 ||| Stepping ~*~*~tactically~*~*~ (stealth).
  7329 | D:9      | Reached skill level 15 in Unarmed Combat
  7353 | D:9      | Found a shimmering blue altar of Sif Muna.
  7379 | D:9      | Identified the +2 robe of the Lute {rElec}
  7532 | D:9      | 7532 ||| Stepping ~*~*~tactically~*~*~ (outnumbered).
  7539 | D:9      | Reached XP level 11. HP: 109/115 MP: 11/11
  7585 | D:9      | Noticed a two-headed ogre
  7593 | D:9      | Killed a two-headed ogre
  7627 | D:9      | Found a white marble altar of Elyvilon.
  7627 | D:9      | Found a glowing silver altar of Zin.
  7628 | D:9      | Found a glowing golden altar of the Shining One.
  7714 | D:9      | 7714 ||| UPGRADING to +0 acid dragon scales.
  7724 | D:9      | 7724 ||| REMOVING ring of resist corrosion.
  7725 | D:9      | 7725 ||| DROPPING +0 robe.
  7726 | D:9      | 7726 ||| DROPPING +2 robe of the Lute {rElec}.
  7727 | D:9      | 7727 ||| READING 2 scrolls of enchant armour.
  7727 | D:9      | 7727 ||| ENCHANTING +0 acid dragon scales.
  7728 | D:9      | 7728 ||| READING scroll of enchant armour.
  7728 | D:9      | 7728 ||| ENCHANTING +1 acid dragon scales.
  7729 | D:9      | 7729 ||| UPGRADING to amulet of reflection.
  7734 | D:9      | 7734 ||| READING scroll labelled XALLISM DEIBB.
  7752 | D:10     | Entered Level 10 of the Dungeon
  7772 | D:10     | Noticed a fire dragon
  7772 | D:10     | Noticed a centaur warrior
  7773 | D:10     | 7773 ||| Stepping ~*~*~tactically~*~*~ (hiding).
  7777 | D:10     | 7777 ||| INVOKING Fiery Armour.
  7783 | D:10     | Killed a centaur warrior
  7784 | D:10     | Reached skill level 3 in Armour
  7791 | D:10     | Killed a fire dragon
  7809 | D:10     | Noticed a rakshasa
  7814 | D:10     | Noticed a catoblepas
  7815 | D:10     | 7815 ||| Stepping ~*~*~tactically~*~*~ (outnumbered).
  7819 | D:10     | 7819 ||| Stepping ~*~*~tactically~*~*~ (outnumbered).
  7822 | D:10     | Noticed a skeletal warrior
  7823 | D:10     | 7823 ||| Stepping ~*~*~tactically~*~*~ (outnumbered).
  7824 | D:10     | 7824 ||| Stepping ~*~*~tactically~*~*~ (outnumbered).
  7826 | D:10     | 7826 ||| Stepping ~*~*~tactically~*~*~ (cloud).
  7829 | D:10     | Reached skill level 16 in Unarmed Combat
  7829 | D:10     | 7829 ||| FLEEEEING.
  7830 | D:10     | 7830 ||| FLEEEEING.
  7831 | D:10     | 7831 ||| FLEEEEING.
  7832 | D:10     | 7832 ||| FLEEEEING.
  7833 | D:10     | 7833 ||| STAIRDANCE
  7871 | D:10     | 7871 ||| STAIRDANCE
  7876 | D:10     | 7876 ||| STAIRDANCE
  7890 | D:10     | 7890 ||| STAIRDANCE
  7894 | D:9      | 7894 ||| INVOKING Fiery Armour.
  7896 | D:9      | 7896 ||| Stepping ~*~*~tactically~*~*~ (cloud).
  7897 | D:9      | 7897 ||| Stepping ~*~*~tactically~*~*~ (cloud).
  7903 | D:9      | Killed a catoblepas
  7984 | D:10     | 7984 ||| STAIRDANCE
  7998 | D:9      | Killed a rakshasa
  8043 | D:10     | Killed a skeletal warrior
  8078 | D:10     | 8078 ||| Stepping ~*~*~tactically~*~*~ (stealth).
  8108 | D:10     | Identified the +4 sling of Noon {venom, rC+}
  8109 | D:10     | 8109 ||| Stepping ~*~*~tactically~*~*~ (stealth).
  8110 | D:10     | 8110 ||| Stepping ~*~*~tactically~*~*~ (stealth).
  8227 | D:10     | Found a broken altar of Ashenzari.
  8227 | D:10     | Noticed Erolcha
  8228 | D:10     | 8228 ||| Stepping ~*~*~tactically~*~*~ (hiding).
  8230 | D:10     | 8230 ||| Stepping ~*~*~tactically~*~*~ (hiding).
  8233 | D:10     | 8233 ||| INVOKING Fiery Armour.
  8233 | Abyss:1  | Noticed a thrashing horror
  8233 | Abyss:1  | Cast into level 1 of the Abyss (Erolcha)
  8236 | Abyss:1  | Noticed a boulder beetle
  8237 | Abyss:1  | Killed a thrashing horror
  8238 | Abyss:1  | Noticed a boulder beetle
  8246 | Abyss:1  | Killed a boulder beetle
  8248 | Abyss:1  | Noticed a boulder beetle
  8249 | Abyss:1  | 8249 ||| Stepping ~*~*~tactically~*~*~ (outnumbered).
  8250 | Abyss:1  | 8250 ||| Stepping ~*~*~tactically~*~*~ (outnumbered).
  8251 | Abyss:1  | 8251 ||| Stepping ~*~*~tactically~*~*~ (outnumbered).
  8253 | Abyss:1  | 8253 ||| Stepping ~*~*~tactically~*~*~ (outnumbered).
  8254 | Abyss:1  | 8254 ||| Stepping ~*~*~tactically~*~*~ (outnumbered).
  8254 | Abyss:1  | Noticed a thrashing horror
  8257 | Abyss:1  | 8257 ||| Stepping ~*~*~tactically~*~*~ (outnumbered).
  8259 | Abyss:1  | 8259 ||| Stepping ~*~*~tactically~*~*~ (outnumbered).
  8261 | Abyss:1  | 8261 ||| Stepping ~*~*~tactically~*~*~ (outnumbered).
  8264 | Abyss:1  | Killed a thrashing horror
  8264 | Abyss:1  | Noticed a thrashing horror
  8265 | Abyss:1  | Reached skill level 17 in Unarmed Combat
  8269 | Abyss:1  | 8269 ||| Stepping ~*~*~tactically~*~*~ (outnumbered).
  8270 | Abyss:1  | 8270 ||| Stepping ~*~*~tactically~*~*~ (outnumbered).
  8271 | Abyss:1  | 8271 ||| Stepping ~*~*~tactically~*~*~ (outnumbered).
  8271 | Abyss:1  | Noticed a boulder beetle
  8277 | Abyss:1  | 8277 ||| Stepping ~*~*~tactically~*~*~ (outnumbered).
  8278 | Abyss:1  | 8278 ||| Stepping ~*~*~tactically~*~*~ (outnumbered).
  8280 | Abyss:1  | 8280 ||| Stepping ~*~*~tactically~*~*~ (outnumbered).
  8281 | Abyss:1  | 8281 ||| Stepping ~*~*~tactically~*~*~ (outnumbered).
  8282 | Abyss:1  | Killed a thrashing horror
  8283 | Abyss:1  | 8283 ||| Stepping ~*~*~tactically~*~*~ (outnumbered).
  8285 | Abyss:1  | HP: 22/119 [boulder beetle (9)]
  8286 | Abyss:1  | 8286 ||| READING 2 scrolls of teleportation.
  8286 | Abyss:1  | HP: 5/119 [tyrant leech (18)]
  8286 | Abyss:1  | HP: 2/119 [boulder beetle (3)]
  8287 | Abyss:1  | 8287 ||| DRINKING 3 potions of heal wounds.
  8288 | Abyss:1  | 8288 ||| DRINKING 2 potions of heal wounds.
  8289 | Abyss:1  | 8289 ||| DRINKING potion of heal wounds.
  8290 | Abyss:1  | 8290 ||| Stepping ~*~*~tactically~*~*~ (outnumbered).
  8291 | Abyss:1  | HP: 18/119 [boulder beetle (31)]
  8292 | Abyss:1  | Reached XP level 12. HP: 20/129 MP: 12/12
  8293 | Abyss:1  | 8293 ||| Stepping ~*~*~tactically~*~*~ (outnumbered).
  8296 | Abyss:1  | HP: 1/129 [boulder beetle (21)]
  8297 | Abyss:1  | 8297 ||| Stepping ~*~*~tactically~*~*~ (outnumbered).
  8299 | Abyss:1  | 8299 ||| Stepping ~*~*~tactically~*~*~ (outnumbered).
  8300 | Abyss:1  | 8300 ||| Stepping ~*~*~tactically~*~*~ (outnumbered).
  8300 | Abyss:1  | Found an ornate altar of the Wu Jian Council.
  8395 | Abyss:1  | 8395 ||| Stepping ~*~*~tactically~*~*~ (stealth).
  8410 | Abyss:1  | 8410 ||| Stepping ~*~*~tactically~*~*~ (stealth).
  8410 | Abyss:1  | Noticed a starcursed mass
  8411 | Abyss:1  | 8411 ||| Stepping ~*~*~tactically~*~*~ (hiding).
  8412 | Abyss:1  | 8412 ||| Stepping ~*~*~tactically~*~*~ (stealth).
  8419 | Abyss:1  | Killed a starcursed mass
  8422 | D:10     | Escaped the Abyss
  8423 | D:10     | 8423 ||| INVOKING Fiery Armour.
  8426 | D:10     | Killed Erolcha
  8565 | D:10     | Found an ancient bone altar of Kikubaaqudgha.
  8620 | D:10     | 8620 ||| Stepping ~*~*~tactically~*~*~ (stealth).
  8623 | D:10     | 8623 ||| Stepping ~*~*~tactically~*~*~ (stealth).
  8628 | D:10     | Reached skill level 18 in Unarmed Combat
  8676 | D:10     | 8676 ||| Stepping ~*~*~tactically~*~*~ (outnumbered).
  8677 | D:10     | 8677 ||| Stepping ~*~*~tactically~*~*~ (outnumbered).
  8678 | D:10     | 8678 ||| Stepping ~*~*~tactically~*~*~ (outnumbered).
  8761 | D:10     | Found a staircase to the Orcish Mines.
  8762 | D:10     | 8762 ||| Stepping ~*~*~tactically~*~*~ (stealth).
  8763 | D:10     | 8763 ||| Stepping ~*~*~tactically~*~*~ (stealth).
  8785 | D:10     | 8785 ||| Stepping ~*~*~tactically~*~*~ (outnumbered).
  9177 | D:10     | Found a portal to a secret trove of treasure.
  9227 | D:10     | 9227 ||| UPGRADING to ring of poison resistance.
  9228 | D:10     | 9228 ||| DRINKING 2 emerald potions.
  9229 | D:10     | 9229 ||| DROPPING potion of magic.
  9352 | D:11     | 9352 ||| FLEEEEING.
  9353 | D:11     | 9353 ||| FLEEEEING.
  9354 | D:11     | 9354 ||| FLEEEEING.
  9355 | D:11     | 9355 ||| FLEEEEING.
  9356 | D:11     | 9356 ||| FLEEEEING.
  9375 | D:11     | 9375 ||| Stepping ~*~*~tactically~*~*~ (hiding).
  9417 | D:11     | 9417 ||| Stepping ~*~*~tactically~*~*~ (stealth).
  9467 | D:11     | 9467 ||| FLEEEEING.
  9468 | D:11     | 9468 ||| FLEEEEING.
  9472 | D:11     | 9472 ||| FLEEEEING.
  9481 | D:11     | 9481 ||| FLEEEEING.
  9482 | D:11     | 9482 ||| FLEEEEING.
  9483 | D:11     | 9483 ||| FLEEEEING.
  9586 | D:11     | Found a runed translucent door.
  9662 | D:11     | Found a staircase to the Lair.
  9666 | D:11     | 9666 ||| INVOKING Fiery Armour.
  9668 | D:11     | 9668 ||| FLEEEEING.
  9669 | D:11     | 9669 ||| FLEEEEING.
  9672 | D:11     | HP: 31/130 [electric eel/bolt of electricity (8)]
  9673 | D:11     | 9673 ||| READING scroll of teleportation.
  9676 | D:11     | HP: 12/130 [electric eel/bolt of electricity (7)]
  9799 | D:11     | 9799 ||| FLEEEEING.
  9800 | D:11     | 9800 ||| FLEEEEING.
  9801 | D:11     | 9801 ||| FLEEEEING.
  9867 | D:11     | 9867 ||| FLEEEEING.
  9868 | D:11     | 9868 ||| FLEEEEING.
  9883 | D:11     | 9883 ||| FLEEEEING.
  9884 | D:11     | 9884 ||| FLEEEEING.
  9885 | D:11     | 9885 ||| FLEEEEING.
  9886 | D:11     | 9886 ||| FLEEEEING.
  9905 | D:11     | 9905 ||| FLEEEEING.
  9906 | D:11     | 9906 ||| FLEEEEING.
  9907 | D:11     | 9907 ||| FLEEEEING.
  9916 | D:11     | 9916 ||| STAIRDANCE
  9932 | D:10     | 9932 ||| UPGRADING to +6 ring of strength.
  9934 | D:10     | 9934 ||| DROPPING ring of resist corrosion.
  9957 | D:11     | 9957 ||| FLEEEEING.
  9958 | D:11     | 9958 ||| FLEEEEING.
  9959 | D:11     | 9959 ||| FLEEEEING.
  9960 | D:11     | 9960 ||| FLEEEEING.
  9962 | D:11     | 9962 ||| INVOKING Fiery Armour.
  9965 | D:11     | HP: 30/130 [electric eel/bolt of electricity (7)]
  9967 | D:11     | 9967 ||| FLEEEEING.
  9968 | D:11     | 9968 ||| FLEEEEING.
  9969 | D:11     | 9969 ||| FLEEEEING.
  9970 | D:11     | HP: 14/130 [electric eel/bolt of electricity (11)]
  9972 | D:11     | Killed from afar by an electric eel

Levels and vault maps discovered:
D:1:      saegor_arrival_under_anarchy, layout_rooms,
          ebering_ecumenical_altar_rust
D:2:      layout_rooms
D:3:      layout_basic, gammafunk_ghost_grave, uniq_robin, uniq_jessica,
          uniq_natasha, uniq_ijyb, uniq_terence
D:4:      layout_basic, mainiacjoe_overflow_swirl, serial_curves,
          eino_curves_03, eino_curves_04, eino_curves_01, eino_curves_02,
          enter_ossuary_1
D:5:      layout_loops_ring, nrook_pool_corridor
D:6:      layout_basic, minitemple, vehumet_altar_wand_db
D:7:      layout_rooms, nicolae_wu_jian_wuxing_cycle,
          mainiacjoe_overflow_alcove_4, minmay_temple_entry_trees, serial_glass,
          glass_columns_a, glass_columns_a, gammafunk_ghost_necromancy,
          grunt_decor_fettered, uniq_pikel
D:8:      layout_loops_corners, mainiacjoe_overflow_concentric_impassable,
          nicolae_hepliaklqana_ecumenical_no_more
D:9:      layout_irregular_city, good_gods_temple_1,
          nicolae_yredelemnul_corpse_copse, led_sif_pool
D:10:     minmay_cut_squares, layout_stronghold, tgw_kikubaaqudgha,
          mainiacjoe_overflow_tiny_flanked, minmay_orc_entry_temple_small,
          nicolae_trove_entry_diagonal, uniq_erolcha
D:11:     layout_basic, erik_lair_island, lightli_airlock

Skill      XL: |  1  2  3  4  5  6  7  8  9 10 11 12 |
---------------+-------------------------------------+-----
Unarmed Combat | 4 5 6 8 9 11 13 15 17 18 | 18.0
Fighting       | 3 4 5 6 7 8 |  8.0
Dodging        | 1 |  1.2
Armour         | 2 3 |  3.4
Spellcasting   | |  1.0
Fire Magic     | |  2.1

Action                   |  1- 3 |  4- 6 |  7- 9 | 10-12 || total
-------------------------+-------+-------+-------+-------++-------
Melee: Unarmed           |   133 |   115 |   239 |   350 ||   837
       Punch             |     2 |     2 |    12 |    21 ||    37
       Headbutt          |       |       |     7 |    55 ||    62
Invok: Fiery Armour      |       |     1 |     1 |     8 ||    10
  Use: Scroll            |    11 |     1 |     8 |     6 ||    26
       Potion            |       |       |     9 |     4 ||    13
 Stab: Petrified         |       |       |       |     2 ||     2
Armor: Robe              |    32 |    31 |    46 |    50 ||   159
       Acid dragon scale |       |       |       |    94 ||    94
Dodge: Dodged            |    54 |    45 |    55 |   149 ||   303
Block: Other             |       |       |       |    44 ||    44
       Reflection        |       |       |       |     2 ||     2

Table legend:
 A = Non-vault XP
 B = Vault XP
 C = Vault XP percentage of total XP
 D = Non-vault monster count
 E = Vault monster count
 F = Vault count percentage of total count
                 A         B        C        D         E       F
            +---------+---------+-------+---------+---------+-------
      Total |   14017 |   14739 |  51.3 |     197 |      96 |  32.8
            +---------+---------+-------+---------+---------+-------
        D:1 |      37 |       0 |   0.0 |      24 |       0 |   0.0
        D:2 |      58 |       0 |   0.0 |       8 |       0 |   0.0
        D:3 |     118 |     185 |  61.1 |      15 |      17 |  53.1
        D:4 |     379 |       0 |   0.0 |      20 |       0 |   0.0
        D:5 |     858 |       0 |   0.0 |      17 |       0 |   0.0
        D:6 |    1981 |       2 |   0.1 |      20 |       1 |   4.8
        D:7 |     266 |     607 |  69.5 |       4 |       1 |  20.0
        D:8 |    1338 |       0 |   0.0 |      24 |       0 |   0.0
        D:9 |    3107 |    3446 |  52.6 |      32 |      12 |  27.3
       D:10 |    2215 |    4482 |  66.9 |      19 |      19 |  50.0
       D:11 |    1232 |     553 |  31.0 |       9 |       6 |  40.0
    Abyss:1 |    2428 |    4122 |  62.9 |       5 |       7 |  58.3
    Ossuary |       0 |    1342 | 100.0 |       0 |      33 | 100.0
            +---------+---------+-------+---------+---------+-------
